 Dungeon Crawl Stone Soup version 0.21-a0-401-g0b6bec4 (webtiles) character file.

2727 Sestren413 the Tainter (level 9, -2/76 HPs)
             Began as a Naga Venom Mage on Oct 24, 2017.
             Was an Initiate of Dithmenos.
             Slain by a hippogriff (6 damage)
             ... on level 7 of the Dungeon.
             The game lasted 00:36:31 (8893 turns).

Sestren413 the Tainter (Naga Venom Mage)            Turns: 8893, Time: 00:36:36

Health: -2/76      AC:  5    Str: 12    XL:     9   Next: 67%
Magic:  1/13       EV:  8    Int: 22    God:    Dithmenos [......]
Gold:   356        SH:  8    Dex: 11    Spells: 7/14 levels left

rFire    + . .     SeeInvis +   F - +3 spear
rCold    . . .     Gourm    .   B - +0 shield
rNeg     . . .     Faith    .   L - +0 leather armour
rPois    +         Spirit   .   (no helmet)
rElec    .         Reflect  .   y - +0 cloak
rCorr    .         Harm     .   (no gloves)
MR       +....                  (no barding)
Stlth    +++.......             (no amulet)
HPRegen  0.22/turn              m - ring of protection from fire
MPRegen  0.13/turn              M - +4 ring of intelligence

@: short of breath, very slightly contaminated, very slow
A: see invisible, deformed body, poison resistance, slowness 2, slow metabolism
1, spit poison 1, AC +3
a: Spit Poison, Renounce Religion


You were on level 7 of the Dungeon.
You worshipped Dithmenos.
Dithmenos was noncommittal.
You were hungry.

You visited 2 branches of the dungeon, and saw 8 of its levels.
You also visited: Sewer and Ossuary.

You collected 356 gold pieces.

Inventory:

Hand Weapons
 e - a +0 spear
 A - the +5 pair of quick blades "Gyre" and "Gimble" {pierce, Dex-3}
   (You found it on level 4 of the Dungeon)

   It inflicts extra damage upon your enemies.
   It affects your dexterity (-3).
 F - a +3 spear (weapon)
Armour
 y - a +0 cloak (worn)
 B - a +0 shield (worn)
 L - a +0 leather armour (worn)
Jewellery
 m - a ring of protection from fire (left hand)
 M - a +4 ring of intelligence (right hand)
Wands
 f - a wand of lightning (5/15)
 k - a wand of paralysis (8/24)
 t - a wand of flame (24/48)
Scrolls
 h - a scroll of magic mapping {unknown}
 j - 2 scrolls of recharging
 l - 2 scrolls of amnesia
 o - 5 scrolls of teleportation
 x - a scroll of torment {unknown}
 z - a scroll of remove curse
 C - a scroll of blinking {unknown}
 E - 2 scrolls of noise
 G - 2 scrolls of fear {unknown}
 N - 3 scrolls of enchant armour {unknown}
Potions
 a - a potion of magic {unknown}
 i - 2 potions of curing
 n - 2 potions of brilliance
 q - a potion of haste
 s - a potion of berserk rage {unknown}
 u - a potion of agility {unknown}
 v - 2 potions of heal wounds {unknown}
 D - 2 potions of lignification
 I - 2 potions of might
 J - 2 potions of flight {unknown}
 O - a potion of resistance {unknown}
Books
 b - a Young Poisoner's Handbook

   Spells                             Type                      Level
   a - Sting                          Conjuration/Poison           1
   b - Poisonous Vapours              Poison/Air                   2
   c - Mephitic Cloud                 Conjuration/Poison/Air       3
   d - Olgreb's Toxic Radiance        Poison                       4
   e - Venom Bolt                     Conjuration/Poison           5
 w - a book of Maledictions

   Spells                             Type                      Level
   a - Corona                         Hexes                        1
   b - Ensorcelled Hibernation        Hexes/Ice                    2
   c - Confuse                        Hexes                        3
   d - Tukima's Dance                 Hexes                        3
   e - Dazzling Spray                 Conjuration/Hexes            3
 H - a book of Callings

   Spells                             Type                      Level
   a - Summon Small Mammal            Summoning                    1
   b - Call Imp                       Summoning                    2
   c - Call Canine Familiar           Summoning                    3
   d - Summon Guardian Golem          Hexes/Summoning              3
   e - Summon Lightning Spire         Summoning/Air                4
   f - Summon Ice Beast               Ice/Summoning                4
Comestibles
 c - 5 bread rations
 d - 2 meat rations
 p - a royal jelly


   Skills:
 + Level 3.4 Fighting
 * Level 4.3 Polearms
 + Level 1.5 Armour
 + Level 2.4 Dodging
 - Level 6.0 Stealth
 + Level 4.0 Shields
 - Level 3.0 Spellcasting
 - Level 3.1 Conjurations
 - Level 4.0 Air Magic
 - Level 9.0 Poison Magic
 - Level 3.0 Evocations


You had 7 spell levels left.
You knew the following spells:

 Your Spells              Type           Power        Failure   Level  Hunger
a - Sting                 Conj/Pois      ####         3%          1    None
b - Poisonous Vapours     Pois/Air       ####..       4%          2    ##.....
c - Olgreb's Toxic Radia  Pois           #####...     11%         4    ####...


Dungeon Overview and Level Annotations

Branches:
Dungeon (7/15)             Temple (1/1) D:5

Altars:
Ashenzari
Cheibriados
Dithmenos
Elyvilon
Fedhas
Gozag
Hepliaklqana
Kikubaaqudgha
Makhleb
Okawaru
Ru
Sif Muna
Vehumet
Wu Jian
Xom
Zin
The Shining One

Shops:
D:5 :


Innate Abilities, Weirdness & Mutations

You cannot wear boots.
Your serpentine skin is tough. (AC +3)
You have supernaturally acute eyesight. (SInv)
Armour fits poorly on your strangely shaped body.
Your system is resistant to poisons. (rPois)
You cover ground very slowly.
You have a slow metabolism.
You can spit poison.


Message History

Aim: a hippogriff (heavily wounded, poisoned)
The splash of poison hits the hippogriff.
The hippogriff is heavily wounded.
You feel slightly more hungry. The hippogriff bites you.
The hippogriff barely misses you.
The hippogriff claws you but does no damage.
You hit the hippogriff but do no damage.
The hippogriff is severely wounded.
You block the hippogriff's attack. The hippogriff pecks you.
* * * LOW HITPOINT WARNING * * *
The hippogriff claws you.
* * * LOW HITPOINT WARNING * * *
You hit the hippogriff.
The hippogriff is severely wounded.
The hippogriff bites you.
* * * LOW HITPOINT WARNING * * *
The hippogriff pecks you.
* * * LOW HITPOINT WARNING * * *
The hippogriff claws you.
You die...

......................)).........
......>.................#.#######
...................<....#.#......
........................#.#.####.
.##########.####.####............
#.# #.###....#.#.##### # #.#
#.......##.#...... .# #.#
###....<.......### .##.. #.#
#@.....)##.###<# .##....# #.#
#H#..........#)# .......+
..####.#......#.#p#.# #
#....####......#......#.#.#p# +
+..[.#.........#........#.#.#
###.......#.####.#..#.#####.#.#
....#............#..........#.#
###.#...........p.............#
#.........................#####


You could see a hippogriff and a neutral freed slave (wandering).

Vanquished Creatures
  Pikel (D:7)
  Prince Ribbit (D:6)
  A water moccasin (D:7)
  A black bear (D:6)
  An orc warrior (D:7)
  2 phantoms
  An ogre (D:4)
  2 centaurs (D:5)
  3 bullfrogs (D:6)
  A wyvern skeleton (D:7)
  4 killer bees (D:7)
  A wight (Ossuary)
  A howler monkey (D:5)
  2 crimson imps (D:5)
  2 hounds (D:6)
  7 orc priests
  Ijyb (D:3)
  4 orc wizards
  5 worker ants
  An iguana (D:7)
  2 hound skeletons
  A mummy (D:7)
  A worker ant zombie (D:6)
  4 gnolls (D:4)
  5 adders
  A river rat (D:3)
  3 oozes (D:2)
  2 adder zombies (Ossuary)
  4 worms
  A dart slug (D:1)
  A leopard gecko (D:3)
  16 orcs
  6 giant cockroaches
  5 goblins
  7 hobgoblins
  2 jackals (D:5)
  9 kobolds
  A quokka (D:7)
  2 ball pythons
  2 ball python skeletons (Ossuary)
  16 bats
  8 frilled lizards
  A giant cockroach zombie (D:5)
  A goblin zombie (D:7)
  A hobgoblin skeleton (Ossuary)
  A kobold zombie (Ossuary)
  2 orc zombies
  A quokka zombie (D:6)
  14 rats
162 creatures vanquished.

Notes
Turn   | Place    | Note
-------+----------+-------------------------------------------
     0 | D:1      | Sestren413 the Naga Venom Mage began the quest for the Orb.
     0 | D:1      | Reached XP level 1. HP: 15/15 MP: 3/3
   122 | D:1      | Reached skill level 1 in Fighting
   462 | D:1      | Reached XP level 2. HP: 16/25 MP: 5/5
   472 | D:1      | Learned a level 2 spell: Poisonous Vapours
   836 | D:1      | Reached skill level 1 in Air Magic
  1307 | D:1      | Reached XP level 3. HP: 30/31 MP: 1/6
  2040 | D:2      | Reached XP level 4. HP: 28/38 MP: 3/7
  2370 | D:2      | Reached skill level 5 in Poison Magic
  2411 | D:2      | Found a radiant altar of Vehumet.
  2777 | D:2      | Found a snail-covered altar of Cheibriados.
  2778 | D:2      | Found an ancient bone altar of Kikubaaqudgha.
  2861 | D:3      | Noticed Ijyb
  2876 | D:3      | Killed Ijyb
  3089 | D:3      | Reached XP level 5. HP: 27/44 MP: 3/8
  3093 | D:3      | Found a glowing drain.
  3108 | Sewer    | Entered a sewer
  3203 | Sewer    | Learned a level 4 spell: Olgreb's Toxic Radiance
  3213 | Sewer    | Noticed a malarious merfolk avatar
  3213 | Sewer    | Noticed cellescent's ghost (amateur GnWn)
  3388 | D:3      | Reached skill level 6 in Poison Magic
  4117 | D:4      | Found the +5 pair of quick blades "Gyre" and "Gimble" {pierce, Dex-3}
  4180 | D:4      | Reached XP level 6. HP: 44/51 MP: 6/9
  4432 | D:4      | Reached skill level 7 in Poison Magic
  4697 | D:4      | Reached skill level 1 in Shields
  4697 | D:4      | Reached XP level 7. HP: 57/57 MP: 3/10
  5160 | D:5      | Entered Level 5 of the Dungeon
  5190 | D:5      | Found Wisali Noaf's Book Shoppe.
  5239 | D:5      | Reached skill level 8 in Poison Magic
  5315 | D:5      | Found a staircase to the Ecumenical Temple.
  5371 | Temple   | Entered the Ecumenical Temple
  5619 | D:5      | Found an iron altar of Okawaru.
  5720 | D:5      | Found a shattered altar of Ashenzari.
  5947 | D:6      | Reached XP level 8. HP: 64/64 MP: 5/12
  6505 | D:6      | Reached skill level 1 in Evocations
  6674 | D:6      | Reached skill level 5 in Stealth
  6865 | D:6      | Found a sacrificial altar of Ru.
  6879 | D:6      | Noticed Prince Ribbit
  6888 | D:6      | Killed Prince Ribbit
  6888 | D:6      | Reached skill level 9 in Poison Magic
  7072 | D:6      | Reached skill level 1 in Polearms
  7202 | D:7      | Reached XP level 9. HP: 56/73 MP: 13/13
  7257 | D:7      | Found a sand-covered staircase.
  7265 | Ossuary  | Entered an ossuary
  8679 | D:7      | Found a shadowy altar of Dithmenos.
  8679 | D:7      | Found a glowing golden altar of the Shining One.
  8683 | D:7      | Became a worshipper of Dithmenos the Shadowed
  8711 | D:7      | Reached skill level 1 in Armour
  8850 | D:7      | Noticed Pikel
  8862 | D:7      | Killed Pikel
  8893 | D:7      | Slain by a hippogriff

Vault maps used:
D:1:      lightli_arrival_noodles, minmay_unequal
D:2:      fiery_altar_vehumet, minitemple
D:3:      gup_sewer_entry_bubbles, first_bread, uniq_ijyb
D:4:      grunt_ministairs_5
D:5:      nicolae_ashenzari_panopticon, okawaru_ov_weapons_minmay,
          minmay_temple_entry_overgrown, serial_shops, shop, grunt_ministairs_1
D:6:      nicolae_ru_awakened_eye, roderic_batcave, uniq_prince_ribbit1
D:7:      nicolae_overflow_hidden_temple, gammafunk_temple_overflow_wave,
          lemuel_doored_altar, nicolae_ossuary_entry_giza, uniq_pikel
Temple:   compressed_dpeg_triangle_lava_temple
Sewer:    sewer_sea
Ossuary:  ossuary_due_cavern

Skill      XL: |  1  2  3  4  5  6  7  8  9 |
---------------+----------------------------+-----
Fighting       | 1 2 3 |  3.4
Air Magic      | 1 2 3 4 |  4.0
Poison Magic   | 5 6 7 8 9 |  9.0
Stealth        | 4 6 |  6.0
Shields        | 1 2 3 4 |  4.0
Spellcasting   | 3 |  3.0
Conjurations   | 2 3 |  3.1
Evocations     | 2 3 |  3.0
Polearms       | 2 4 |  4.3
Dodging        | 2 |  2.4
Armour         | 1 |  1.5

Action                   |  1- 3 |  4- 6 |  7- 9 || total
-------------------------+-------+-------+-------++-------
Melee: Spear             |    72 |   113 |    75 ||   260
       Pair of quick bla |       |    19 |   154 ||   173
 Cast: Sting             |    10 |     2 |       ||    12
       Poisonous Vapours |    27 |    42 |    51 ||   120
       Olgreb's Toxic Ra |       |     2 |     5 ||     7
 Abil: Spit Poison       |     7 |     7 |     5 ||    19
  Use: Potion            |       |     3 |     3 ||     6
       Scroll            |       |     2 |     7 ||     9
 Stab: Sleeping          |     1 |       |    11 ||    12
       Distracted        |       |     1 |       ||     1
  Eat: Chunk             |     5 |    10 |    12 ||    27
       Royal jelly       |       |       |     1 ||     1
       Fruit             |       |       |     1 ||     1
Armor: Robe              |    14 |    41 |    27 ||    82
       Leather armour    |       |       |    22 ||    22
       Skin              |       |       |    18 ||    18
Dodge: Dodged            |    41 |    97 |    73 ||   211
Block: Shield            |       |       |    31 ||    31

Table legend:
 A = Spawn XP
 B = Non-spawn XP
 C = Spawn XP percentage of total XP
 D = Spawn monster count
 E = Non-spawn monster count
 F = Spawn count percentage of total count
 G = Total turns spent on level
                    A         B        C        D         E        F      G
               +---------+---------+-------+---------+---------+-------+---------
         Total |       0 |    3897 |   0.0 |       0 |     162 |   0.0 |  8893
               +---------+---------+-------+---------+---------+-------+---------
           D:1 |       0 |      42 |   0.0 |       0 |      27 |   0.0 |  1611
           D:2 |       0 |      67 |   0.0 |       0 |      20 |   0.0 |  1250
           D:3 |       0 |     187 |   0.0 |       0 |      23 |   0.0 |  1006
           D:4 |       0 |     438 |   0.0 |       0 |      20 |   0.0 |  1177
           D:5 |       0 |     399 |   0.0 |       0 |      11 |   0.0 |   575
           D:6 |       0 |    1160 |   0.0 |       0 |      29 |   0.0 |  1277
           D:7 |       0 |    1530 |   0.0 |       0 |      22 |   0.0 |   837
         Sewer |       0 |       2 |   0.0 |       0 |       2 |   0.0 |   116
       Ossuary |       0 |      72 |   0.0 |       0 |       8 |   0.0 |   848
               +---------+---------+-------+---------+---------+-------+---------
